Thrashers vs Flyers

Created - January 22 2011 at 11:30

Goals
1 2 3 T
Thrashers 0 0 0 0
Flyers 1 1 0 2
Shots
1 2 3 T
Thrashers 3 6 4 13
Flyers 12 12 1 25

Period #1

1. Flyers , Niklas Hagman 9 (Kevin Bieksa) at 15:30 (PP)

Penalties :
James Wisniewski (ATL) for High sticking (Minor) at 1:13, Marc Staal (ATL) for Hooking (Minor) at 2:55, James Wisniewski (ATL) for Hooking (Minor) at 10:44, Marc Staal (ATL) for Hooking (Minor) at 15:18, Kevin Bieksa (PHI) for Delaying the game (Minor) at 17:02

Period #2

2. Flyers , Lee Stempniak 15 (Radim Vrbata, Kevin Bieksa) at 0:32

Penalties :
Chris Pronger (PHI) for Holding (Minor) at 0:52, Ryan Malone (ATL) for High sticking (Minor) at 3:12, Rostislav Klesla (PHI) for Boarding (Minor) at 5:43, Mark Giordano (ATL) for High sticking (Minor) at 9:57

Period #3

No Goal

Penalties :
Chris Pronger (PHI) for Hooking (Minor) at 1:24, Lee Stempniak (PHI) for Holding (Minor) at 13:04, Sergei Gonchar (ATL) for Hooking (Minor) at 19:46

Goalie Stats

Roberto Luongo (ATL), 23 saves from 25 shots - (0.920), L, 25-17-3, 60:00 minutes
Tomas Vokoun (PHI), 13 saves from 13 shots - (1.000), W, 17-19-7, 60:00 minutes

Players Stats

Thrashers
Player Name              G  A  P  +/- PIM S  H  SB FO    MP 
------------------------------------------------------------
Alex Goligoski           0  0  0   0  0   0  0  2  0/0   4  
Antoine Vermette         0  0  0   0  0   2  0  0  7/15  23 
Brad Boyes               0  0  0   0  0   0  0  1  1/3   16 
Brenden Morrow           0  0  0  -1  0   2  0  0  2/4   22 
Brian Rolston            0  0  0  -1  0   0  0  0  1/1   19 
Christian Ehrhoff        0  0  0  -1  0   1  0  0  0/0   22 
Dave Bolland             0  0  0   0  0   1  1  0  12/27 21 
James Wisniewski         0  0  0  -1  4   1  3  0  0/0   21 
Marc Staal               0  0  0   0  4   0  1  0  0/0   19 
Mark Giordano            0  0  0   0  2   1  3  0  0/0   12 
Martin Erat              0  0  0   0  0   1  0  1  0/0   10 
Mike Ribeiro             0  0  0  -1  0   2  0  0  8/16  19 
Nik Antropov             0  0  0   0  0   1  0  0  2/2   4  
Rene Bourque             0  0  0   0  0   0  2  0  0/0   4  
Ryan Callahan            0  0  0   0  0   0  1  0  0/1   14 
Ryan Malone              0  0  0   0  2   0  2  1  1/4   19 
Ryan Suter               0  0  0   0  0   0  1  0  0/0   17 
Sergei Gonchar           0  0  0   0  2   1  1  0  0/0   22 
Flyers
Player Name              G  A  P  +/- PIM S  H  SB FO    MP 
------------------------------------------------------------
Alexandre Picard         0  0  0   0  0   1  2  1  9/19  21 
Andrei Markov            0  0  0   0  0   1  0  1  0/0   20 
Andrej Sekera            0  0  0   0  0   0  0  0  0/0   14 
Brendan Morrison         0  0  0   0  0   2  0  0  7/18  19 
Chris Pronger            0  0  0   0  4   1  2  0  0/0   24 
Glen Metropolit          0  0  0   0  0   0  1  0  6/8   9  
Jochen Hecht             0  0  0   0  0   5  1  0  0/0   23 
John Madden              0  0  0   0  0   1  2  0  7/11  10 
Justin Williams          0  0  0   0  0   1  2  0  0/0   19 
Kevin Bieksa             0  2  2   1  2   3  1  1  0/0   21 
Kyle Brodziak            0  0  0   1  0   0  0  0  6/9   22 
Ladislav Smid            0  0  0   0  0   0  0  0  0/0   14 
Lee Stempniak            1  0  1   1  2   3  2  0  4/8   22 
Niklas Hagman            1  0  1   0  0   1  0  0  0/0   7  
Radim Vrbata             0  1  1   1  0   5  1  0  0/0   18 
Rob Blake                0  0  0   1  0   0  1  0  0/0   21 
Rostislav Klesla         0  0  0   0  2   0  0  1  0/0   7  
Tim Connolly             0  0  0   0  0   1  0  0  0/0   0  

3 Stars

1 - Tomas Vokoun (PHI)
2 - Lee Stempniak (PHI)
3 - Kevin Bieksa (PHI)

Power Play

Thrashers - 0 on 5 Attempt(s) - 0.00%
Flyers - 1 on 7 Attempt(s) - 14.29%

Penalty Kill

Thrashers - 6 on 7 Attempt(s) - 85.71% - Score 0 goal in Penalty Kill
Flyers - 5 on 5 Attempt(s) - 100.00% - Score 0 goal in Penalty Kill

Game Notes

Martin Erat is injured at 6:39 of 3rd period (Bruised Left Arm)

Finance

Level 1 -- Attendance: 4962 (76.34%) -- Ticket Income $471,390.00
Level 2 -- Attendance: 4403 (88.06%) -- Ticket Income $237,762.00
Level 3 -- Attendance: 2965 (84.71%) -- Ticket Income $103,775.00
Level 4 -- Attendance: 2940 (83.55%) -- Ticket Income $44,100.00
Luxury Box -- Attendance: 868 (86.80%) -- Ticket Income $166,656.00
Game was played at the Wachovia Center
Total Attendance: 16138 (82.68%)
Total Ticket Income: $1,033,502.00
Other Income: $202,447.20
Total Income: $1,235,949.00


Play by Play

Period #1

0:01 of 1st period - Alexandre Picard wins face-off versus Antoine Vermette in neutral zone.
0:45 of 1st period - Off-side.
0:46 of 1st period - Kyle Brodziak wins face-off versus Mike Ribeiro in neutral zone.
1:12 of 1st period - Kyle Brodziak is hit by James Wisniewski and loses puck.
1:13 of 1st period - Minor Penalty to James Wisniewski for High sticking.
1:14 of 1st period - Dave Bolland wins face-off versus Alexandre Picard in Thrashers zone.
1:34 of 1st period - Shot by Kevin Bieksa.
1:34 of 1st period - Stopped by Roberto Luongo without a rebound.
1:35 of 1st period - Antoine Vermette wins face-off versus Lee Stempniak in Thrashers zone.
2:55 of 1st period - Minor Penalty to Marc Staal for Hooking.
2:56 of 1st period - Brenden Morrow wins face-off versus Brendan Morrison in Thrashers zone.
3:05 of 1st period - Shot by Radim Vrbata.
3:05 of 1st period - Stopped by Roberto Luongo without a rebound.
3:06 of 1st period - Alexandre Picard wins face-off versus Brenden Morrow in Thrashers zone.
3:41 of 1st period - Sergei Gonchar is hit by Alexandre Picard and loses puck.
5:13 of 1st period - Shot by Lee Stempniak.
5:13 of 1st period - Stopped by Roberto Luongo without a rebound.
5:14 of 1st period - Glen Metropolit wins face-off versus Mike Ribeiro in Thrashers zone.
5:16 of 1st period - Kyle Brodziak is hit by James Wisniewski and loses puck.
6:31 of 1st period - Shot by Ryan Malone.
6:31 of 1st period - Shot Blocked by Kevin Bieksa.
6:49 of 1st period - Icing by Kevin Bieksa.
6:50 of 1st period - Brendan Morrison wins face-off versus Antoine Vermette in Flyers zone.
6:50 of 1st period - Brendan Morrison is hit by Rene Bourque.
6:56 of 1st period - Rob Blake is hit by Rene Bourque and loses puck.
7:40 of 1st period - Ryan Malone is hit by Alexandre Picard and loses puck.
8:14 of 1st period - Icing by James Wisniewski.
8:15 of 1st period - Mike Ribeiro wins face-off versus Glen Metropolit in Thrashers zone.
8:24 of 1st period - Shot by Mike Ribeiro.
8:24 of 1st period - Stopped by Tomas Vokoun without a rebound.
8:25 of 1st period - Glen Metropolit wins face-off versus Mike Ribeiro in Flyers zone.
9:18 of 1st period - Shot by Tim Connolly.
9:18 of 1st period - Stopped by Roberto Luongo with a rebound.
9:22 of 1st period - Shot by Jochen Hecht.
9:22 of 1st period - Deflect By Tim Connolly.
9:22 of 1st period - Shot Misses the Net.
9:26 of 1st period - Shot by Jochen Hecht.
9:26 of 1st period - Stopped by Roberto Luongo without a rebound.
9:27 of 1st period - John Madden wins face-off versus Brad Boyes in Thrashers zone.
10:18 of 1st period - Icing by Mark Giordano.
10:19 of 1st period - Kyle Brodziak wins face-off versus Brad Boyes in Thrashers zone.
10:24 of 1st period - Shot by Lee Stempniak.
10:24 of 1st period - Stopped by Roberto Luongo without a rebound.
10:25 of 1st period - Kyle Brodziak wins face-off versus Mike Ribeiro in Thrashers zone.
10:44 of 1st period - Minor Penalty to James Wisniewski for Hooking.
10:45 of 1st period - Antoine Vermette wins face-off versus Alexandre Picard in Thrashers zone.
11:32 of 1st period - Christian Ehrhoff is hit by Radim Vrbata and loses puck.
11:47 of 1st period - Shot by Radim Vrbata.
11:47 of 1st period - Stopped by Roberto Luongo without a rebound.
11:48 of 1st period - Lee Stempniak wins face-off versus Dave Bolland in Thrashers zone.
12:53 of 1st period - Shot by Glen Metropolit.
12:53 of 1st period - Deflect By Alexandre Picard.
12:53 of 1st period - Shot Hit the Post.
13:34 of 1st period - Off-side.
13:35 of 1st period - Dave Bolland wins face-off versus Brendan Morrison in neutral zone.
13:46 of 1st period - Icing by Chris Pronger.
13:47 of 1st period - Antoine Vermette wins face-off versus Brendan Morrison in Flyers zone.
13:47 of 1st period - Antoine Vermette is hit by Chris Pronger.
14:01 of 1st period - Shot by Antoine Vermette.
14:01 of 1st period - Stopped by Tomas Vokoun with a rebound.
14:21 of 1st period - Shot by John Madden.
14:21 of 1st period - Shot Blocked by Brad Boyes.
14:23 of 1st period - Shot by John Madden.
14:23 of 1st period - Stopped by Roberto Luongo without a rebound.
14:24 of 1st period - Glen Metropolit wins face-off versus Ryan Malone in Thrashers zone.
15:18 of 1st period - Minor Penalty to Marc Staal for Hooking.
15:19 of 1st period - Brenden Morrow wins face-off versus John Madden in Thrashers zone.
15:30 of 1st period - Shot by Niklas Hagman.
15:30 of 1st period - Goal by Niklas Hagman - Thrashers : 0 - Flyers : 1.
15:31 of 1st period - Mike Ribeiro wins face-off versus John Madden in neutral zone.
15:31 of 1st period - Mike Ribeiro is hit by John Madden.
16:27 of 1st period - Shot by Brendan Morrison.
16:27 of 1st period - Stopped by Roberto Luongo without a rebound.
16:28 of 1st period - Kyle Brodziak wins face-off versus Dave Bolland in Thrashers zone.
16:28 of 1st period - Kyle Brodziak is hit by Mark Giordano.
16:41 of 1st period - Shot by Kevin Bieksa.
16:41 of 1st period - Stopped by Roberto Luongo without a rebound.
16:42 of 1st period - Glen Metropolit wins face-off versus Dave Bolland in Thrashers zone.
16:49 of 1st period - Shot by Jochen Hecht.
16:49 of 1st period - Stopped by Roberto Luongo without a rebound.
16:50 of 1st period - Antoine Vermette wins face-off versus Kyle Brodziak in Thrashers zone.
17:02 of 1st period - Minor Penalty to Kevin Bieksa for Delaying the game.
17:03 of 1st period - Dave Bolland wins face-off versus Alexandre Picard in Flyers zone.
17:04 of 1st period - Shot by Sergei Gonchar.
17:04 of 1st period - Stopped by Tomas Vokoun without a rebound.
17:05 of 1st period - Alexandre Picard wins face-off versus Dave Bolland in Flyers zone.
17:20 of 1st period - Shot by Marc Staal.
17:20 of 1st period - Shot Misses the Net.

Period #2

0:01 of 2nd period - Dave Bolland wins face-off versus Alexandre Picard in neutral zone.
0:01 of 2nd period - Antoine Vermette is hit by Justin Williams and loses puck.
0:12 of 2nd period - Shot by Jochen Hecht.
0:12 of 2nd period - Deflect By Alexandre Picard.
0:12 of 2nd period - Stopped by Roberto Luongo without a rebound.
0:13 of 2nd period - Kyle Brodziak wins face-off versus Mike Ribeiro in Thrashers zone.
0:32 of 2nd period - Shot by Lee Stempniak.
0:32 of 2nd period - Goal by Lee Stempniak - Thrashers : 0 - Flyers : 2.
0:33 of 2nd period - Dave Bolland wins face-off versus Alexandre Picard in neutral zone.
0:52 of 2nd period - Minor Penalty to Chris Pronger for Holding.
0:53 of 2nd period - Alexandre Picard wins face-off versus Brenden Morrow in Flyers zone.
0:59 of 2nd period - Icing by Christian Ehrhoff.
1:00 of 2nd period - Brian Rolston wins face-off versus Alexandre Picard in Thrashers zone.
1:27 of 2nd period - Shot by Brenden Morrow.
1:27 of 2nd period - Stopped by Tomas Vokoun without a rebound.
1:28 of 2nd period - Lee Stempniak wins face-off versus Dave Bolland in Flyers zone.
1:45 of 2nd period - Shot by Dave Bolland.
1:45 of 2nd period - Stopped by Tomas Vokoun without a rebound.
1:46 of 2nd period - Dave Bolland wins face-off versus Alexandre Picard in Flyers zone.
1:50 of 2nd period - Antoine Vermette is hit by Rob Blake and loses puck.
2:03 of 2nd period - Kyle Brodziak is hit by Dave Bolland and loses puck.
3:12 of 2nd period - Minor Penalty to Ryan Malone for High sticking.
3:13 of 2nd period - Alexandre Picard wins face-off versus Antoine Vermette in Thrashers zone.
3:54 of 2nd period - Shot by Kevin Bieksa.
3:54 of 2nd period - Stopped by Roberto Luongo without a rebound.
3:55 of 2nd period - John Madden wins face-off versus Dave Bolland in Thrashers zone.
4:02 of 2nd period - Shot by Radim Vrbata.
4:02 of 2nd period - Stopped by Roberto Luongo without a rebound.
4:03 of 2nd period - Dave Bolland wins face-off versus Lee Stempniak in Thrashers zone.
4:50 of 2nd period - Shot by Justin Williams.
4:50 of 2nd period - Shot Misses the Net.
4:52 of 2nd period - Shot by Jochen Hecht.
4:52 of 2nd period - Stopped by Roberto Luongo without a rebound.
4:53 of 2nd period - Dave Bolland wins face-off versus Brendan Morrison in Thrashers zone.
5:06 of 2nd period - Shot by Chris Pronger.
5:06 of 2nd period - Deflect By Justin Williams.
5:06 of 2nd period - Stopped by Roberto Luongo without a rebound.
5:07 of 2nd period - Antoine Vermette wins face-off versus Brendan Morrison in Thrashers zone.
5:25 of 2nd period - Shot by Kyle Brodziak.
5:25 of 2nd period - Shot Misses the Net.
5:29 of 2nd period - Shot by Kyle Brodziak.
5:29 of 2nd period - Shot Misses the Net.
5:31 of 2nd period - Shot by Justin Williams.
5:31 of 2nd period - Shot Misses the Net.
5:36 of 2nd period - Icing by Mark Giordano.
5:37 of 2nd period - Ryan Malone wins face-off versus Brendan Morrison in Thrashers zone.
5:43 of 2nd period - Minor Penalty to Rostislav Klesla for Boarding.
5:44 of 2nd period - Mike Ribeiro wins face-off versus Alexandre Picard in Flyers zone.
6:31 of 2nd period - Icing by Marc Staal.
6:32 of 2nd period - Alexandre Picard wins face-off versus Ryan Malone in Thrashers zone.
6:38 of 2nd period - Icing by Marc Staal.
6:39 of 2nd period - Alexandre Picard wins face-off versus Ryan Malone in Thrashers zone.
7:46 of 2nd period - Shot by Mark Giordano.
7:46 of 2nd period - Stopped by Tomas Vokoun without a rebound.
7:47 of 2nd period - Brendan Morrison wins face-off versus Dave Bolland in Flyers zone.
8:37 of 2nd period - James Wisniewski is hit by Glen Metropolit and loses puck.
9:41 of 2nd period - Marc Staal is hit by Lee Stempniak and loses puck.
9:57 of 2nd period - Minor Penalty to Mark Giordano for High sticking.
9:58 of 2nd period - Brad Boyes wins face-off versus Alexandre Picard in Thrashers zone.
10:41 of 2nd period - James Wisniewski is hit by John Madden and loses puck.
11:18 of 2nd period - Shot by Andrei Markov.
11:18 of 2nd period - Shot Misses the Net.
11:20 of 2nd period - Shot by Brendan Morrison.
11:20 of 2nd period - Stopped by Roberto Luongo with a rebound.
11:30 of 2nd period - Shot by Chris Pronger.
11:30 of 2nd period - Stopped by Roberto Luongo with a rebound.
11:32 of 2nd period - Shot by Jochen Hecht.
11:32 of 2nd period - Shot Misses the Net.
11:34 of 2nd period - Shot by Jochen Hecht.
11:34 of 2nd period - Stopped by Roberto Luongo with a rebound.
11:36 of 2nd period - Shot by Brendan Morrison.
11:36 of 2nd period - Deflect By Jochen Hecht.
11:36 of 2nd period - Shot Blocked by Ryan Malone.
11:54 of 2nd period - Shot by Kevin Bieksa.
11:54 of 2nd period - Shot Misses the Net.
11:56 of 2nd period - Shot by John Madden.
11:56 of 2nd period - Deflect By Radim Vrbata.
11:56 of 2nd period - Stopped by Roberto Luongo without a rebound.
11:57 of 2nd period - Mike Ribeiro wins face-off versus John Madden in Thrashers zone.
12:08 of 2nd period - Shot by Christian Ehrhoff.
12:08 of 2nd period - Shot Blocked by Rostislav Klesla.
12:10 of 2nd period - Shot by Brenden Morrow.
12:10 of 2nd period - Shot Misses the Net.
12:14 of 2nd period - Shot by Brenden Morrow.
12:14 of 2nd period - Stopped by Tomas Vokoun with a rebound.
12:16 of 2nd period - Shot by Christian Ehrhoff.
12:16 of 2nd period - Shot Hit the Post.
12:20 of 2nd period - Shot by Dave Bolland.
12:20 of 2nd period - Deflect By Mike Ribeiro.
12:20 of 2nd period - Shot Misses the Net.
12:24 of 2nd period - Shot by Brian Rolston.
12:24 of 2nd period - Shot Misses the Net.
12:51 of 2nd period - Shot by Jochen Hecht.
12:51 of 2nd period - Stopped by Roberto Luongo without a rebound.
12:52 of 2nd period - Nik Antropov wins face-off versus Brendan Morrison in Thrashers zone.
12:52 of 2nd period - Nik Antropov is hit by Justin Williams.
14:56 of 2nd period - Icing by Brenden Morrow.
14:57 of 2nd period - Brendan Morrison wins face-off versus Mike Ribeiro in Thrashers zone.
14:57 of 2nd period - Rob Blake is hit by James Wisniewski and loses puck.
15:41 of 2nd period - Shot by Antoine Vermette.
15:41 of 2nd period - Stopped by Tomas Vokoun without a rebound.
15:42 of 2nd period - Glen Metropolit wins face-off versus Dave Bolland in Flyers zone.
15:51 of 2nd period - Shot by Niklas Hagman.
15:51 of 2nd period - Shot Blocked by Martin Erat.
16:26 of 2nd period - Icing by Mark Giordano.
16:27 of 2nd period - John Madden wins face-off versus Dave Bolland in Thrashers zone.
18:02 of 2nd period - Shot by James Wisniewski.
18:02 of 2nd period - Shot Blocked by Andrei Markov.
18:06 of 2nd period - Shot by Nik Antropov.
18:06 of 2nd period - Stopped by Tomas Vokoun without a rebound.
18:07 of 2nd period - Glen Metropolit wins face-off versus Mike Ribeiro in Flyers zone.
18:45 of 2nd period - Off-side.
18:46 of 2nd period - Brendan Morrison wins face-off versus Antoine Vermette in neutral zone.
19:02 of 2nd period - Shot by Brendan Morrison.
19:02 of 2nd period - Shot Misses the Net.
19:07 of 2nd period - Shot by Lee Stempniak.
19:07 of 2nd period - Shot Blocked by Alex Goligoski.
19:12 of 2nd period - Icing by Sergei Gonchar.
19:13 of 2nd period - John Madden wins face-off versus Antoine Vermette in Thrashers zone.
19:16 of 2nd period - Shot by Justin Williams.
19:16 of 2nd period - Shot Misses the Net.
19:27 of 2nd period - Icing by Jochen Hecht.
19:28 of 2nd period - John Madden wins face-off versus Ryan Callahan in Flyers zone.
19:28 of 2nd period - Jochen Hecht is hit by Ryan Callahan and loses puck.
19:37 of 2nd period - Shot by Andrei Markov.
19:37 of 2nd period - Stopped by Roberto Luongo without a rebound.
19:38 of 2nd period - Mike Ribeiro wins face-off versus Kyle Brodziak in Thrashers zone.

Period #3

0:01 of 3rd period - Alexandre Picard wins face-off versus Dave Bolland in neutral zone.
0:11 of 3rd period - Sergei Gonchar is hit by Jochen Hecht and loses puck.
0:43 of 3rd period - Justin Williams is hit by Sergei Gonchar and loses puck.
1:18 of 3rd period - Shot by Mike Ribeiro.
1:18 of 3rd period - Shot Misses the Net.
1:24 of 3rd period - Shot by James Wisniewski.
1:24 of 3rd period - Stopped by Tomas Vokoun without a rebound.
1:24 of 3rd period - Minor Penalty to Chris Pronger for Hooking.
1:25 of 3rd period - Mike Ribeiro wins face-off versus Lee Stempniak in Flyers zone.
1:25 of 3rd period - Mike Ribeiro is hit by Kevin Bieksa.
1:43 of 3rd period - Shot by Mike Ribeiro.
1:43 of 3rd period - Stopped by Tomas Vokoun without a rebound.
1:44 of 3rd period - Lee Stempniak wins face-off versus Dave Bolland in Flyers zone.
2:10 of 3rd period - Icing by Sergei Gonchar.
2:11 of 3rd period - Dave Bolland wins face-off versus Brendan Morrison in Thrashers zone.
3:13 of 3rd period - Shot by Alex Goligoski.
3:13 of 3rd period - Shot Misses the Net.
3:31 of 3rd period - Glen Metropolit is hit by Ryan Suter and loses puck.
3:40 of 3rd period - Shot by Mike Ribeiro.
3:40 of 3rd period - Shot Hit the Post.
3:42 of 3rd period - Shot by Martin Erat.
3:42 of 3rd period - Stopped by Tomas Vokoun with a rebound.
4:12 of 3rd period - Shot by Dave Bolland.
4:12 of 3rd period - Shot Misses the Net.
5:48 of 3rd period - Jochen Hecht is hit by Mark Giordano and loses puck.
6:10 of 3rd period - Icing by Lee Stempniak.
6:11 of 3rd period - Dave Bolland wins face-off versus Brendan Morrison in Flyers zone.
6:37 of 3rd period - Off-side.
6:38 of 3rd period - Mike Ribeiro wins face-off versus Lee Stempniak in neutral zone.
6:38 of 3rd period - Martin Erat is hit by Lee Stempniak.
6:39 of 3rd period - Martin Erat from Thrashers is injured at 6:39 of 3rd period (Bruised Left Arm).
6:40 of 3rd period - Mike Ribeiro wins face-off versus Kyle Brodziak in neutral zone.
6:56 of 3rd period - Radim Vrbata is hit by Mark Giordano and loses puck.
7:23 of 3rd period - Off-side.
7:24 of 3rd period - Alexandre Picard wins face-off versus Dave Bolland in neutral zone.
9:13 of 3rd period - Icing by Ryan Suter.
9:14 of 3rd period - Nik Antropov wins face-off versus Brendan Morrison in Thrashers zone.
9:28 of 3rd period - Icing by Rob Blake.
9:29 of 3rd period - Lee Stempniak wins face-off versus Mike Ribeiro in Flyers zone.
9:40 of 3rd period - Off-side.
9:41 of 3rd period - Dave Bolland wins face-off versus Glen Metropolit in neutral zone.
9:56 of 3rd period - Shot by Brian Rolston.
9:56 of 3rd period - Shot Misses the Net.
9:58 of 3rd period - Shot by Dave Bolland.
9:58 of 3rd period - Shot Blocked by Alexandre Picard.
10:00 of 3rd period - Shot by Christian Ehrhoff.
10:00 of 3rd period - Stopped by Tomas Vokoun with a rebound.
10:04 of 3rd period - Shot by Brian Rolston.
10:04 of 3rd period - Shot Misses the Net.
10:51 of 3rd period - Icing by Ryan Suter.
10:52 of 3rd period - Antoine Vermette wins face-off versus John Madden in Thrashers zone.
10:54 of 3rd period - Icing by Ryan Malone.
10:55 of 3rd period - John Madden wins face-off versus Antoine Vermette in Thrashers zone.
12:01 of 3rd period - Antoine Vermette is hit by Chris Pronger and loses puck.
13:04 of 3rd period - Minor Penalty to Lee Stempniak for Holding.
13:05 of 3rd period - Brendan Morrison wins face-off versus Dave Bolland in Flyers zone.
13:33 of 3rd period - Icing by Christian Ehrhoff.
13:34 of 3rd period - John Madden wins face-off versus Dave Bolland in Thrashers zone.
14:56 of 3rd period - Jochen Hecht is hit by Ryan Malone and loses puck.
17:16 of 3rd period - Shot by Nik Antropov.
17:16 of 3rd period - Shot Misses the Net.
17:56 of 3rd period - Ladislav Smid is hit by Ryan Malone and loses puck.
18:02 of 3rd period - Icing by Niklas Hagman.
18:03 of 3rd period - Brendan Morrison wins face-off versus Antoine Vermette in Flyers zone.
18:05 of 3rd period - Icing by Andrej Sekera.
18:06 of 3rd period - Brendan Morrison wins face-off versus Antoine Vermette in Flyers zone.
18:15 of 3rd period - Shot by Brendan Morrison.
18:15 of 3rd period - Deflect By Niklas Hagman.
18:15 of 3rd period - Shot Misses the Net.
18:17 of 3rd period - Shot by Chris Pronger.
18:17 of 3rd period - Shot Misses the Net.
18:20 of 3rd period - Niklas Hagman is hit by Marc Staal and loses puck.
19:05 of 3rd period - Icing by Marc Staal.
19:06 of 3rd period - Antoine Vermette wins face-off versus Brendan Morrison in Thrashers zone.
19:21 of 3rd period - Shot by Radim Vrbata.
19:21 of 3rd period - Stopped by Roberto Luongo without a rebound.
19:22 of 3rd period - Dave Bolland wins face-off versus Alexandre Picard in Thrashers zone.
19:46 of 3rd period - Minor Penalty to Sergei Gonchar for Hooking.
19:47 of 3rd period - Kyle Brodziak wins face-off versus Dave Bolland in Thrashers zone.
19:50 of 3rd period - Shot by Rob Blake.
19:50 of 3rd period - Shot Blocked by Alex Goligoski.
19:59 of 3rd period - Icing by Radim Vrbata.


Output by the SimonT Hockey Simulator (STHS) for Stephane Roy -- Original Page W3C XHTML 1.0 Valid